[Event "Titled Tuesday Blitz August 3 2021"]
[White "Nasyrova, Ekaterina"]
[Black "Iskusnyh, Sergei"]
[WhiteFideId "44157797"]
[BlackFideId "4120027"]
[WhiteElo "2115"]
[BlackElo "2492"]
[Result "0-1"]
[Round "04"]
[TimeControl "180+1"]
[Date "2021.08.03"]
[WhiteClock "0:00:03"]
[BlackClock "0:00:11"]

1. d4 d5 2. Nf3 Nf6 3. c4 c6 4. Nc3 a6 5. e3 e6 6. Bd3 dxc4 7. Bxc4 b5 8. Bd3 c5 9. Ne4 Nbd7 10. O-O Bb7 11. Nxf6+ Nxf6 12. Qe2 Rc8 13. Rd1 Qc7 14. Bd2 Bd6 15. h3 O-O 16. Rac1 Qb8 17. dxc5 Bxc5 18. Bc3 Ne4 19. Bd4 Bd6 20. Bxe4 Bxe4 21. Ng5 Bg6 22. Bc3 Rc5 23. h4 h6 24. Nf3 Rfc8 25. a3 Be7 26. Nd4 Bf6 27. g3 Be4 28. Rd2 Ba8 29. Rcd1 Qb7 30. f3 Bxd4 31. Bxd4 Rc4 32. Kf2 Qe7 33. Bc3 Bd5 34. e4 Bc6 35. Qe3 a5 36. Rd4 Be8 37. Rxc4 Rxc4 38. Rd4 Rc8 39. Ke2 Qb7 40. Kf2 e5 41. Rd5 f6 42. Bxa5 Bf7 43. Rd2 Rc4 44. Bc3 Kh7 45. Qe2 Qc8 46. Qe3 Qh3 47. Ke2 Qxg3 48. Qf2 Qh3 49. Rd7 Qxd7 0-1


[Site "https://www.chess.com"]

[Event "Titled Tuesday Blitz August 3 2021"]
[White "Nazaretyan, Tigran"]
[Black "Hoffmann, Asa"]
[WhiteFideId "24162345"]
[BlackFideId "2001470"]
[WhiteElo "2214"]
[BlackElo "2117"]
[Result "0-1"]
[Round "04"]
[TimeControl "180+1"]
[Date "2021.08.03"]
[WhiteClock "0:00:08"]
[BlackClock "0:00:32"]

1. d4 Nf6 2. c4 c5 3. d5 e5 4. Nc3 d6 5. e4 Be7 6. g3 O-O 7. Bg2 Na6 8. Nge2 Ne8 9. O-O Bd7 10. a3 Nec7 11. a4 Nb4 12. f4 Bf6 13. f5 b6 14. h4 a6 15. Kh2 Qe7 16. Ng1 b5 17. Nf3 bxc4 18. g4 Bxh4 19. g5 f6 20. g6 Bg5 21. gxh7+ Kh8 22. Nxg5 fxg5 23. Qh5 Be8 24. Qg4 Nd3 25. Bxg5 Qf7 26. f6 g6 27. Kg3 Rb8 28. Nd1 Rb3 29. Bf3 Bd7 30. Qh4 Qxh7 31. Rh1 Qxh4+ 32. Rxh4+ Kg8 33. Ne3 Nf4 34. Ng4 Bxg4 35. Kxg4 Ne8 36. Rah1 Nh5 37. Rxh5 gxh5+ 38. Rxh5 Nxf6+ 39. Bxf6 Rxf6 40. Be2 Re3 41. Bd1 Kg7 42. Bc2 Rf4+ 0-1


[Site "https://www.chess.com"]

[Event "Titled Tuesday Blitz August 3 2021"]
[White "Nguyen, Hong Anh"]
[Black "Ivanisevic, Ivan"]
[WhiteFideId "12406732"]
[BlackFideId "912417"]
[WhiteElo "2515"]
[BlackElo "2712"]
[Result "0-1"]
[Round "04"]
[TimeControl "180+1"]
[Date "2021.08.03"]
[WhiteClock "0:00:41"]
[BlackClock "0:00:43"]

1. d4 Nf6 2. c4 e6 3. Nf3 d5 4. g3 Be7 5. Bg2 Ne4 6. O-O f5 7. cxd5 exd5 8. Nc3 c6 9. Ne5 Nd7 10. Nd3 Bf6 11. Nf4 Nb6 12. Nh5 O-O 13. Nxf6+ Qxf6 14. Bf4 g5 15. Be5 Qg6 16. f3 Nxc3 17. bxc3 Nc4 18. Qd3 f4 19. g4 Qxd3 20. exd3 Ne3 21. Rf2 b6 22. Bf1 Rf7 23. Be2 Bd7 24. Bd1 Re8 25. Bb3 h5 26. h3 Rh7 27. Rh2 Re6 28. Kf2 hxg4 29. Ke2 g3 30. Rhh1 Reh6 0-1


[Site "https://www.chess.com"]

[Event "Titled Tuesday Blitz August 3 2021"]
[White "Nitin, S."]
[Black "Ronka, Erik"]
[WhiteFideId "5018277"]
[BlackFideId "505080"]
[WhiteElo "2431"]
[BlackElo "2264"]
[Result "1-0"]
[Round "04"]
[TimeControl "180+1"]
[Date "2021.08.03"]
[WhiteClock "0:00:24"]
[BlackClock "0:00:02"]

1. e4 c6 2. d4 d5 3. e5 c5 4. c3 Nc6 5. Nf3 Bf5 6. Be2 e6 7. O-O cxd4 8. cxd4 Bg4 9. Nc3 Bxf3 10. Bxf3 Nge7 11. Be3 Nf5 12. Be2 Be7 13. a3 O-O 14. b4 Rc8 15. Rc1 f6 16. exf6 Bxf6 17. Bg4 Ncxd4 18. Na4 Rxc1 19. Bxc1 Qd6 20. Nc5 b6 21. Nd3 e5 22. Re1 e4 23. Bf4 Qe7 24. Bxf5 Nxf5 25. Ne5 Rd8 26. Nc6 Qd7 27. Nxd8 Qxd8 28. Qg4 g6 29. h3 Qd7 30. Qd1 Qe6 31. Qc1 Nd4 32. Be3 Nf5 33. Bf4 Nd4 34. Kh1 Qf5 35. Be3 Ne6 36. Qc8+ Kf7 37. Qd7+ Be7 38. Rd1 d4 39. Bxd4 a5 40. Be3 axb4 41. axb4 Qe5 42. b5 Kf6 43. Qd5 Qc3 44. Qxe4 Kf7 45. Qf3+ Kg7 46. Bh6+ Kxh6 47. Qxc3 1-0


[Site "https://www.chess.com"]

[Event "Titled Tuesday Blitz August 3 2021"]
[White "Nozdrachev, Leonid"]
[Black "Ashiev, Eduard"]
[WhiteFideId "24113433"]
[BlackFideId "4130090"]
[WhiteElo "2221"]
[BlackElo "2106"]
[Result "1-0"]
[Round "04"]
[TimeControl "180+1"]
[Date "2021.08.03"]
[WhiteClock "0:00:40"]
[BlackClock "0:00:02"]

1. e4 e5 2. Nf3 Nc6 3. Bc4 Bc5 4. c3 Nf6 5. d3 a6 6. Bb3 Ba7 7. Nbd2 O-O 8. Nf1 d5 9. Ng3 dxe4 10. dxe4 Qe7 11. O-O Be6 12. Qe2 Rad8 13. Nh4 Bxb3 14. axb3 Qe6 15. b4 g6 16. Bg5 Rd7 17. h3 Re8 18. b5 axb5 19. Qxb5 Bb6 20. Qe2 Kg7 21. Bxf6+ Kxf6 22. Nhf5 Rg8 23. Qg4 gxf5 24. Qxg8 fxe4 25. Nxe4+ Ke7 26. Rad1 Rxd1 27. Rxd1 Qf5 28. Qg4 Qxg4 29. hxg4 f6 30. Kf1 h6 31. Ke2 Nd8 32. Rh1 Ne6 33. g3 Ng5 34. Nxg5 1-0


[Site "https://www.chess.com"]

[Event "Titled Tuesday Blitz August 3 2021"]
[White "Onyshchuk, Volodymyr"]
[Black "Daggupati, Balaji"]
[WhiteFideId "14114038"]
[BlackFideId "2090759"]
[WhiteElo "2603"]
[BlackElo "2689"]
[Result "1-0"]
[Round "04"]
[TimeControl "180+1"]
[Date "2021.08.03"]
[WhiteClock "0:00:50"]
[BlackClock "0:01:14"]

1. e4 c5 2. Ne2 e6 3. g3 d5 4. Bg2 dxe4 5. Nbc3 Nf6 6. Nxe4 Nxe4 7. Bxe4 Be7 8. d4 cxd4 9. Qxd4 Qxd4 10. Nxd4 O-O 11. Be3 Na6 12. O-O-O Nc5 13. Bg2 Bd7 14. Nb3 Nxb3+ 15. axb3 Bc6 16. Bxc6 bxc6 17. Rd7 Bf6 18. Rhd1 a5 19. R1d6 a4 20. bxa4 Rxa4 21. c3 Ra6 22. Kc2 Rb8 23. h4 g6 24. Ra7 Rxa7 25. Bxa7 Rc8 26. b4 Ra8 27. Be3 Rc8 28. Kb3 Kf8 29. Rd7 Ke8 30. Rb7 Be7 31. c4 Rd8 32. Rc7 Rd1 33. c5 Rb1+ 34. Kc4 Rc1+ 35. Bxc1 1-0


[Site "https://www.chess.com"]

[Event "Titled Tuesday Blitz August 3 2021"]
[White "Pavlov, Sergey"]
[Black "Grinblat, Dmitry"]
[WhiteFideId "14114330"]
[BlackFideId "4163257"]
[WhiteElo "2428"]
[BlackElo "2483"]
[Result "1-0"]
[Round "04"]
[TimeControl "180+1"]
[Date "2021.08.03"]
[WhiteClock "0:01:00"]
[BlackClock "0:01:13"]

1. d4 d5 2. c4 e6 3. Nc3 Nf6 4. Nf3 Nbd7 5. g3 Be7 6. Bg2 O-O 7. O-O c5 8. cxd5 exd5 9. b3 b6 10. dxc5 Nxc5 11. Nd4 Bb7 12. Nf5 Re8 13. Bb2 Bf8 14. Rc1 g6 15. Nd4 Bg7 16. e3 Nfe4 17. b4 Nxc3 18. Bxc3 Ne4 19. Bb2 Rc8 20. Qa4 a6 21. b5 Qd7 22. Qb4 a5 23. Qa3 Nd2 24. Rfd1 Nc4 25. Qb3 a4 26. Qb4 Bf8 27. Qc3 Nxe3 28. Nc6 1-0


[Site "https://www.chess.com"]

[Event "Titled Tuesday Blitz August 3 2021"]
[White "Pein, Jonathan"]
[Black "Solon, Nathan"]
[WhiteFideId "417092"]
[BlackFideId "2017229"]
[WhiteElo "2167"]
[BlackElo "2622"]
[Result "0-1"]
[Round "04"]
[TimeControl "180+1"]
[Date "2021.08.03"]
[WhiteClock "0:00:03"]
[BlackClock "0:00:11"]

1. Nf3 d5 2. b3 Nf6 3. Bb2 e6 4. e3 Bd6 5. d4 O-O 6. Bd3 c5 7. Nbd2 b6 8. Qe2 Bb7 9. h4 Nbd7 10. h5 h6 11. Rh3 Ne4 12. O-O-O a5 13. g4 a4 14. g5 axb3 15. axb3 Nxg5 16. Nxg5 Qxg5 17. f4 Qe7 18. dxc5 Bxc5 19. Rg3 f6 20. Rdg1 g5 21. Nb1 Ra2 22. fxg5 hxg5 23. Rxg5+ fxg5 24. Bc3 Bb4 25. Bxb4 Qxb4 26. Rxg5+ Kh8 27. Rg6 Rf6 28. Rxf6 Nxf6 29. Qf2 Qe7 30. Qf4 Ra8 31. Qh6+ Kg8 32. Qg5+ Qg7 33. Bg6 Ne4 34. Qg4 Bc8 35. h6 Qf6 36. Bxe4+ Kh8 37. h7 Bd7 38. Bd3 Rf8 39. Kd2 Be8 40. Nc3 Qf2+ 41. Ne2 Qf6 42. Nf4 d4 43. Nxe6 dxe3+ 44. Kd1 Bd7 45. Nxf8 Bxg4+ 0-1


[Site "https://www.chess.com"]

[Event "Titled Tuesday Blitz August 3 2021"]
[White "Petesch, Gabriel"]
[Black "Lintchevski, Daniil"]
[WhiteFideId "2032465"]
[BlackFideId "4171055"]
[WhiteElo "2374"]
[BlackElo "2505"]
[Result "1-0"]
[Round "04"]
[TimeControl "180+1"]
[Date "2021.08.03"]
[WhiteClock "0:00:03"]
[BlackClock "0:00:40"]

1. Nf3 c5 2. g3 Nc6 3. Bg2 g6 4. O-O Bg7 5. c3 e5 6. d4 cxd4 7. cxd4 e4 8. Ne5 d5 9. Nc3 Nge7 10. Bg5 f6 11. Nxc6 Nxc6 12. Bf4 g5 13. Be3 Be6 14. Rc1 O-O 15. Qb3 Qd7 16. Bxe4 dxe4 17. d5 Na5 18. Qb4 Bh3 19. Qxa5 Bxf1 20. Rxf1 f5 21. Bxg5 b6 22. Qb4 Rac8 23. Rd1 h6 24. Be7 Rfe8 25. d6 Bxc3 26. Qb3+ Kg7 27. bxc3 Rc5 28. Rd5 Rec8 29. Rxc5 Rxc5 30. c4 Qe6 31. Qc3+ Kf7 32. Qh8 e3 33. Qf8+ Kg6 34. h4 exf2+ 35. Kxf2 f4 36. g4 h5 37. gxh5+ Rxh5 38. Qe8+ Qf7 39. d7 1-0


[Site "https://www.chess.com"]

[Event "Titled Tuesday Blitz August 3 2021"]
[White "Potapova, Margarita"]
[Black "Navalgund, Niranjan"]
[WhiteFideId "14126869"]
[BlackFideId "5030854"]
[WhiteElo "2229"]
[BlackElo "2290"]
[Result "0-1"]
[Round "04"]
[TimeControl "180+1"]
[Date "2021.08.03"]
[WhiteClock "0:00:01"]
[BlackClock "0:00:40"]

1. Nf3 Nf6 2. b3 a5 3. a4 g6 4. Bb2 Bg7 5. g3 O-O 6. Bg2 d6 7. O-O e5 8. d3 Bg4 9. Nbd2 Qc8 10. Nc4 Bh3 11. e4 Nc6 12. Qe2 Nh5 13. Bxh3 Qxh3 14. Ng5 Qd7 15. Nf3 f5 16. exf5 Rxf5 17. Nh4 Rf7 18. f3 Raf8 19. Rae1 g5 20. Ng2 Qh3 21. Nge3 Nf6 22. Qg2 Qd7 23. Bc1 Nd4 24. Nxa5 Nh5 25. Kh1 Nxf3 26. Rd1 g4 27. Nac4 d5 28. Nd2 Nd4 29. c3 Nf3 30. c4 d4 31. Nd5 c6 32. Nb4 Nxd2 33. Bxd2 Rf3 34. Nc2 Qf5 35. Rxf3 gxf3 36. Qf1 f2 37. Kg2 Qf3+ 38. Kh3 Rf5 39. Ne1 Nf4+ 40. Kh4 Bf6# 0-1


[Site "https://www.chess.com"]

[Event "Titled Tuesday Blitz August 3 2021"]
[White "Quispe Arteaga, Gabriel"]
[Black "Petriashvili, Nikoloz"]
[WhiteFideId "32059809"]
[BlackFideId "13611216"]
[WhiteElo "2172"]
[BlackElo "2430"]
[Result "0-1"]
[Round "04"]
[TimeControl "180+1"]
[Date "2021.08.03"]
[WhiteClock "0:00:01"]
[BlackClock "0:01:24"]

1. Nf3 Nf6 2. c4 c5 3. Nc3 Nc6 4. g3 d5 5. cxd5 Nxd5 6. Bg2 g6 7. O-O Bg7 8. d3 O-O 9. Bd2 Nc7 10. Rc1 b6 11. Qa4 Bb7 12. Qh4 Ne6 13. Bh6 Rc8 14. Bxg7 Kxg7 15. Ng5 Nxg5 16. Qxg5 Qd7 17. h4 h6 18. Qe3 Nd4 19. Bxb7 Qxb7 20. Ne4 Rce8 21. Nd2 e5 22. Nb3 Qd5 23. Rc3 f5 24. Re1 f4 25. Qe4 Qd7 26. Kg2 Nxe2 27. Rc2 Nd4 0-1


[Site "https://www.chess.com"]

[Event "Titled Tuesday Blitz August 3 2021"]
[White "Rustemov, Alexander"]
[Black "Rasulov, Vugar"]
[WhiteFideId "4119002"]
[BlackFideId "13402390"]
[WhiteElo "2662"]
[BlackElo "2553"]
[Result "1-0"]
[Round "04"]
[TimeControl "180+1"]
[Date "2021.08.03"]
[WhiteClock "0:01:25"]
[BlackClock "0:01:04"]

1. d4 Nf6 2. c4 e6 3. Nf3 b6 4. g3 Bb4+ 5. Bd2 Bxd2+ 6. Qxd2 Bb7 7. Bg2 O-O 8. O-O d6 9. Qf4 Nbd7 10. Nc3 Qe7 11. e4 e5 12. Qe3 exd4 13. Nxd4 Rfe8 14. Rfe1 g6 15. Rad1 Nc5 16. f3 d5 17. cxd5 Bxd5 18. e5 Bb7 19. f4 Bxg2 20. Kxg2 Qd7 21. Qf3 Nh5 22. g4 Ng7 23. Nd5 Qa4 24. Nf6+ Kh8 25. Qh3 h5 26. gxh5 g5 27. h6 Nge6 28. Qf5 Nxf4+ 29. Kh1 Ng6 30. Nxe8 Rxe8 31. Qf6+ 1-0


[Site "https://www.chess.com"]

[Event "Titled Tuesday Blitz August 3 2021"]
[White "Salinas Herrera, Pablo"]
[Black "freshfoodcompany"]
[WhiteFideId "3407128"]
[WhiteElo "2541"]
[BlackElo "2432"]
[Result "1-0"]
[Round "04"]
[TimeControl "180+1"]
[Date "2021.08.03"]
[WhiteClock "0:00:19"]
[BlackClock "0:00:26"]

1. d4 d5 2. Bf4 c5 3. e3 Nc6 4. Nf3 Nf6 5. Nbd2 Bg4 6. c3 e6 7. Qa4 Bd6 8. Ne5 Bxe5 9. Bxe5 cxd4 10. exd4 O-O 11. Bg3 Qb6 12. Qb3 Rfc8 13. Qxb6 axb6 14. f3 Bf5 15. Be2 Nd7 16. Kf2 f6 17. a3 e5 18. dxe5 Ndxe5 19. Rhe1 Bd3 20. f4 Bxe2 21. fxe5 Bg4 22. h3 Bf5 23. exf6 gxf6 24. Nf3 Be4 25. Rad1 Na5 26. Nd4 Nc4 27. Re2 Re8 28. Rde1 Bg6 29. Bf4 Rxe2+ 30. Rxe2 Re8 31. Rxe8+ Bxe8 32. Bc1 Bd7 33. b3 Nd6 34. Bd2 Nb5 35. Nc2 Bf5 36. Nb4 Be4 37. a4 Nc7 38. Be3 Bc2 39. Nxc2 1-0


[Site "https://www.chess.com"]

[Event "Titled Tuesday Blitz August 3 2021"]
[White "Samadov, Read"]
[Black "Lazavik, Denis"]
[WhiteFideId "13417444"]
[BlackFideId "13515110"]
[WhiteElo "2084"]
[BlackElo "2436"]
[Result "1/2-1/2"]
[Round "04"]
[TimeControl "180+1"]
[Date "2021.08.03"]
[WhiteClock "0:00:05"]
[BlackClock "0:00:06"]

1. d4 Nf6 2. c4 e6 3. Nc3 Bb4 4. f3 d5 5. a3 Bxc3+ 6. bxc3 c5 7. cxd5 Nxd5 8. dxc5 Qa5 9. e4 Nf6 10. Be3 O-O 11. Qb3 Nfd7 12. a4 Qc7 13. Nh3 Nxc5 14. Qa3 Nba6 15. Bb5 e5 16. Nf2 Be6 17. O-O Rac8 18. Rab1 Nb8 19. Rfd1 a6 20. Be2 Nbd7 21. a5 Nb8 22. Rb6 Ncd7 23. Rbb1 Qxc3 24. Qxc3 Rxc3 25. Bd2 Rc7 26. Bb4 Rfc8 27. Bd6 Rc2 28. Bf1 Ra2 29. Rxb7 Rxa5 30. Rdb1 Nc6 31. Rc7 Rxc7 32. Bxc7 Ra2 33. Nd3 f6 34. Rc1 Nd4 35. Nb4 Ne2+ 36. Bxe2 Rxe2 37. Nxa6 h5 38. Nb4 Rb2 39. Nd3 Rd2 40. Nf2 h4 41. Rd1 Rc2 42. Ba5 Nf8 43. Rd2 Rc1+ 44. Rd1 Rc2 45. Rd2 Rc4 46. Rd8 Kf7 47. Rd1 Ng6 48. g3 hxg3 49. hxg3 Rc2 50. Rd2 Rc5 51. Bb4 Rc1+ 52. Rd1 Rc4 53. Bd2 Ne7 54. Be3 Rc3 55. Rd3 Rc2 56. Rd2 Rc3 57. Rd3 Rc6 58. Kg2 g5 59. Ra3 Rc2 60. Ra7 Ke8 61. Ra8+ Rc8 62. Rxc8+ Nxc8 63. f4 gxf4 64. gxf4 Nd6 65. fxe5 fxe5 66. Kf3 Kf7 67. Nd3 Nc4 68. Bf2 Bd7 69. Bg3 Bc6 70. Nxe5+ Nxe5+ 71. Bxe5 Bxe4+ 1/2-1/2


[Site "https://www.chess.com"]

[Event "Titled Tuesday Blitz August 3 2021"]
[White "Sanal, Vahap"]
[Black "Ponikarovsky, Alexey"]
[WhiteFideId "6300545"]
[BlackFideId "4122887"]
[WhiteElo "2495"]
[BlackElo "1944"]
[Result "1-0"]
[Round "04"]
[TimeControl "180+1"]
[Date "2021.08.03"]
[WhiteClock "0:00:07"]
[BlackClock "0:00:22"]

1. Nf3 c5 2. e4 a6 3. g3 e6 4. Bg2 d5 5. exd5 exd5 6. O-O Nf6 7. d4 cxd4 8. Nxd4 Be7 9. Nc3 O-O 10. Bg5 Nc6 11. Nce2 h6 12. Be3 Bg4 13. h3 Bh5 14. c3 Bg6 15. Nf4 Be4 16. Re1 Bxg2 17. Kxg2 Re8 18. Nf5 Bf8 19. Qc2 Rc8 20. Rad1 Qa5 21. Qb1 Qb5 22. Nd4 Nxd4 23. Bxd4 Ne4 24. Re3 Bd6 25. Nd3 Qc6 26. Rde1 Ng5 27. h4 Ne6 28. Ne5 Bxe5 29. Rxe5 Nxd4 30. cxd4 Rxe5 31. Rxe5 f6 32. Re7 Rc7 33. Re2 Qc4 34. Qe1 Rc8 35. Re7 Kh8 36. Qe6 Rg8 37. Qg4 b5 38. a3 Qc2 39. b4 Qd3 40. Re3 Qc4 41. h5 Qc1 42. Qf5 Qc4 43. Qf4 Qc1 44. Qg4 Qc4 45. Re6 Qc8 46. Qf5 Qc4 47. Qf4 Qc8 48. Re7 Qc3 49. Re3 Qc4 50. g4 Qc1 51. Qd6 Qc4 52. Qb6 Qc8 53. Qe6 Qc4 54. Qb6 Qc8 55. Rg3 Qc4 56. Qxa6 Qxd4 57. Qxb5 Qe4+ 58. Kg1 Qe1+ 59. Qf1 Qe7 60. Qd3 Rd8 61. Re3 Qd7 62. f3 Qa7 63. Kg2 Qc7 64. Re2 Qa7 65. Rc2 d4 66. b5 Qa5 67. Rb2 Qb6 68. a4 Ra8 69. Rc2 Re8 70. Rc6 Qa5 71. Qxd4 Qe1 72. Rc2 Qb1 73. Rd2 Ra8 74. Re2 Qb3 75. Re4 Qc2+ 76. Qf2 Qb3 77. Qe3 Qc2+ 78. Kg3 Qd1 79. Re8+ Rxe8 80. Qxe8+ Kh7 81. Qe4+ Kh8 82. Qe8+ Kh7 83. Qe3 Kh8 84. a5 Qd6+ 85. Kg2 Qb4 86. a6 Qb2+ 87. Qf2 Qxb5 88. a7 Qa5 89. Qe3 Qa2+ 90. Kg3 Qa4 91. Qc5 Qa1 92. Qc8+ Kh7 93. Qc2+ Kg8 94. Qf2 Qa5 95. Kg2 Qa3 96. Qd4 Qa2+ 97. Kh3 Qa5 98. Qe3 Qa1 99. Qe8+ Kh7 100. Qe4+ Kh8 101. a8=Q+ 1-0


[Site "https://www.chess.com"]

[Event "Titled Tuesday Blitz August 3 2021"]
[White "Sarana, Alexey"]
[Black "Mirzoev, Azer"]
[WhiteFideId "24133795"]
[BlackFideId "13400304"]
[WhiteElo "2646"]
[BlackElo "2525"]
[Result "0-1"]
[Round "04"]
[TimeControl "180+1"]
[Date "2021.08.03"]
[WhiteClock "0:00:20"]
[BlackClock "0:00:37"]

1. e4 e5 2. Nf3 Nc6 3. Bc4 Bc5 4. c3 Nf6 5. d3 d6 6. O-O Bb6 7. Nbd2 Ne7 8. d4 Ng6 9. h3 O-O 10. Bd3 c6 11. Nc4 Bc7 12. dxe5 dxe5 13. a4 Re8 14. Be3 h6 15. Qc2 Qe7 16. b4 Be6 17. Bc5 Qd8 18. Rad1 b6 19. Be3 Qe7 20. a5 b5 21. Bc5 bxc4 22. Bxe7 cxd3 23. Qxd3 Nxe7 24. Nd2 c5 25. Qb5 cxb4 26. cxb4 Bd6 27. Nc4 Rab8 28. Qa6 Bxb4 29. Nd6 Red8 30. Nb7 Rdc8 31. Qxa7 Nc6 32. Qa6 Nd4 33. Rxd4 exd4 34. Rb1 Bc3 35. Qd6 Nxe4 36. Qa3 Nd2 37. Rb5 Nc4 38. Qa4 Bd7 39. a6 Bxb5 40. Qxb5 Nd6 41. Qd5 Nxb7 42. a7 Ra8 43. Qxb7 d3 44. Kf1 Re8 45. g3 d2 46. Qd5 Rad8 0-1


[Site "https://www.chess.com"]

[Event "Titled Tuesday Blitz August 3 2021"]
[White "Shahade, Gregory"]
[Black "Gerzhoy, Leonid"]
[WhiteFideId "2009064"]
[BlackFideId "2806126"]
[WhiteElo "2716"]
[BlackElo "2513"]
[Result "1-0"]
[Round "04"]
[TimeControl "180+1"]
[Date "2021.08.03"]
[WhiteClock "0:01:03"]
[BlackClock "0:00:42"]

1. e4 d6 2. d4 Nf6 3. Nc3 e5 4. Nge2 Be7 5. g3 O-O 6. Bg2 a6 7. a4 b6 8. O-O Bb7 9. h3 Nbd7 10. Be3 Re8 11. Qd2 Bf8 12. d5 c6 13. dxc6 Bxc6 14. Rad1 Nc5 15. Bxc5 dxc5 16. Qe3 Qc7 17. Nd5 Bxd5 18. exd5 Rad8 19. Nc3 c4 20. Rfe1 Bc5 21. Qe2 Bd4 22. g4 Qc5 23. g5 Bxc3 24. bxc3 Nd7 25. d6 Nf8 26. Rd5 Qa3 27. Qxc4 Rxd6 28. Rdxe5 Rxe5 29. Rxe5 Qc1+ 30. Kh2 Qxc2 31. Qf4 Qxc3 32. Re7 1-0


[Site "https://www.chess.com"]

[Event "Titled Tuesday Blitz August 3 2021"]
[White "Shkapenko, Pavel"]
[Black "Savchenko, Boris"]
[WhiteFideId "4151933"]
[BlackFideId "4147332"]
[WhiteElo "2386"]
[BlackElo "2542"]
[Result "0-1"]
[Round "04"]
[TimeControl "180+1"]
[Date "2021.08.03"]
[WhiteClock "0:00:08"]
[BlackClock "0:00:32"]

1. e4 c5 2. c3 Nf6 3. e5 Nd5 4. d4 cxd4 5. cxd4 d6 6. Nf3 dxe5 7. Nxe5 Nc6 8. Bc4 e6 9. O-O Be7 10. Nf3 O-O 11. Nc3 Nxc3 12. bxc3 b6 13. Bd3 Bb7 14. Qe2 Rc8 15. Bf4 Na5 16. Rfc1 Bd5 17. Ne5 Bf6 18. Rc2 g6 19. Re1 Re8 20. Qg4 Ba8 21. h4 h5 22. Qh3 Qd5 23. Qg3 Bxh4 24. Qh3 Bf6 25. Re3 Kf8 26. Rf3 Ke7 27. Nxf7 Kxf7 28. Be5 Qxf3 29. gxf3 Bxe5 30. dxe5 Rg8 31. Qh4 Bd5 32. Qf6+ Ke8 33. c4 Nxc4 34. Bxc4 Rxc4 35. Rxc4 Bxc4 36. f4 Bxa2 37. Qh4 Bd5 38. Qg3 Kd7 39. Qa3 Ra8 40. Qa4+ Kc7 41. Qb4 a5 42. Qe7+ Kc6 43. Qd6+ Kb5 44. Qd7+ Ka6 45. Qd6 Rc8 46. Kf1 h4 47. Ke2 h3 48. Qa3 h2 49. Qh3 h1=Q 0-1


[Site "https://www.chess.com"]

[Event "Titled Tuesday Blitz August 3 2021"]
[White "Shyaamnikhil P"]
[Black "Rottenwohrer Suarez, Juan"]
[WhiteFideId "5024218"]
[BlackFideId "32068182"]
[WhiteElo "2300"]
[BlackElo "2158"]
[Result "1-0"]
[Round "04"]
[TimeControl "180+1"]
[Date "2021.08.03"]
[WhiteClock "0:00:12"]
[BlackClock "0:00:02"]

1. e4 c5 2. Nc3 g6 3. d4 cxd4 4. Qxd4 Nf6 5. Nf3 Nc6 6. Qa4 d6 7. e5 Ng4 8. exd6 Qxd6 9. h3 Ne5 10. Nxe5 Qxe5+ 11. Be2 Bg7 12. Bf4 Qd4 13. Bb5 Qxa4 14. Nxa4 O-O 15. Bxc6 bxc6 16. O-O-O Bf5 17. Rhe1 Rfe8 18. g4 Bc8 19. Be5 Bh6+ 20. Kb1 f6 21. Bxf6 Kf7 22. Bc3 Be6 23. Bd2 Bg7 24. Re4 Rab8 25. c4 h5 26. b3 Rbd8 27. Kc2 Rd4 28. Rxd4 Bxd4 29. f3 Bg7 30. Bc3 Bh6 31. Bd2 Bg7 32. Be3 hxg4 33. hxg4 Rh8 34. Bxa7 Rh3 35. Rd3 Rh2+ 36. Rd2 Rh3 37. Rf2 Be5 38. f4 Bc7 39. f5 gxf5 40. gxf5 Bc8 41. Bb6 Bb8 42. Bd4 Rh5 43. f6 e5 44. Bc3 Rf5 45. Rxf5 Bxf5+ 46. Kd2 Kxf6 47. Nc5 Ke7 48. a4 Kd6 49. Bb4 Bc7 50. Na6+ Kd7 51. Nxc7 Kxc7 52. Bc3 Kd6 53. Bb4+ c5 54. Bc3 e4 55. Bg7 Kc6 56. Bh6 Bg4 57. Bf4 Bf3 58. Kc3 Bd1 59. Be3 Kd6 60. a5 Kc6 61. a6 Kb6 62. Bxc5+ Kxa6 63. b4 Kb7 64. b5 Bg4 65. Be3 Bd7 66. Kb4 Be8 67. Kc5 Bd7 68. Kd4 Bf5 69. Kd5 Bg6 70. Kd6 Be8 71. Ke7 Bg6 72. c5 Bf5 73. Kd6 Bg6 74. c6+ Kc8 75. b6 Be8 76. b7+ Kb8 77. Bf4 Bxc6 78. Kxc6+ Ka7 79. b8=Q+ 1-0


[Site "https://www.chess.com"]

[Event "Titled Tuesday Blitz August 3 2021"]
[White "Siva Mahadevan"]
[Black "Martinez Alcantara, Jose Eduardo"]
[WhiteFideId "25043153"]
[BlackFideId "3805662"]
[WhiteElo "2203"]
[BlackElo "2690"]
[Result "0-1"]
[Round "04"]
[TimeControl "180+1"]
[Date "2021.08.03"]
[WhiteClock "0:00:38"]
[BlackClock "0:00:37"]

1. e4 c5 2. Nf3 d6 3. d4 cxd4 4. Nxd4 Nf6 5. Nc3 a6 6. Bg5 e6 7. f4 Be7 8. Qf3 Qc7 9. O-O-O Nbd7 10. Bd3 b5 11. Rhe1 Bb7 12. Qg3 b4 13. Nd5 exd5 14. exd5 Kd8 15. Nc6+ Bxc6 16. dxc6 Qxc6 17. Bxf6 Nxf6 18. Qxg7 Re8 19. Qxf7 Ra7 20. Re6 Qc5 21. Rde1 Nd5 22. R6e4 Rf8 23. Qxh7 Nf6 24. Qg7 Nxe4 25. Rxe4 Rxf4 26. Qh8+ Rf8 27. Qh3 Bg5+ 28. Kd1 Qg1+ 29. Re1 Qf2 30. Re2 Qf4 0-1


[Site "https://www.chess.com"]

[Event "Titled Tuesday Blitz August 3 2021"]
[White "Skatchkov, Pavel"]
[Black "Melikhov, Evgeny V."]
[WhiteFideId "4121848"]
[BlackFideId "4122046"]
[WhiteElo "2476"]
[BlackElo "1965"]
[Result "1/2-1/2"]
[Round "04"]
[TimeControl "180+1"]
[Date "2021.08.03"]
[WhiteClock "0:00:52"]
[BlackClock "0:01:53"]

1. d4 Nf6 2. c3 d5 3. Bf4 c5 4. Nf3 Nc6 5. e3 Qb6 6. Qb3 c4 7. Qxb6 axb6 8. Na3 Nh5 9. Bc7 Ra6 10. Be2 Bf5 11. Nh4 Bg6 12. Nxg6 hxg6 13. Nb5 Kd7 14. h3 e6 15. Bh2 Be7 16. O-O Ra5 17. a4 Rha8 18. Nc7 R8a7 19. Nb5 Ra8 20. Nc7 R8a7 21. Nb5 Ra8 1/2-1/2


[Site "https://www.chess.com"]

[Event "Titled Tuesday Blitz August 3 2021"]
[White "Song, Michael"]
[Black "Buscar, Michael"]
[WhiteFideId "2613190"]
[BlackFideId "2603616"]
[WhiteElo "2274"]
[BlackElo "2010"]
[Result "1-0"]
[Round "04"]
[TimeControl "180+1"]
[Date "2021.08.03"]
[WhiteClock "0:01:51"]
[BlackClock "0:02:08"]

1. d4 Nf6 2. Bg5 e6 3. Nd2 c5 4. e3 cxd4 5. exd4 Be7 6. Ngf3 b6 7. Bd3 Bb7 8. Qe2 d6 9. c3 Nbd7 10. O-O a6 11. Rfe1 Qc7 12. h3 Qc6 13. c4 d5 14. Rac1 dxc4 15. Nxc4 Qd5 16. Bxf6 Bxf6 17. Be4 Qxe4 18. Nd6+ 1-0


[Site "https://www.chess.com"]

[Event "Titled Tuesday Blitz August 3 2021"]
[White "Swicarz, Maciej"]
[Black "Shimelkov, Vasiliy"]
[WhiteFideId "1113585"]
[BlackFideId "13701630"]
[WhiteElo "2199"]
[BlackElo "2073"]
[Result "1/2-1/2"]
[Round "04"]
[TimeControl "180+1"]
[Date "2021.08.03"]
[WhiteClock "0:00:39"]
[BlackClock "0:00:15"]

1. e4 c6 2. Nc3 d5 3. Qe2 d4 4. Nd1 e5 5. d3 g6 6. f4 Bg7 7. Nf3 Nd7 8. g4 exf4 9. Bxf4 Ne7 10. Bg2 O-O 11. O-O Nc5 12. Nf2 Ne6 13. Bd2 Qc7 14. Nh3 Bd7 15. Qf2 f5 16. exf5 gxf5 17. gxf5 Rxf5 18. Qg3 Qxg3 19. hxg3 Raf8 20. Rae1 Nd5 21. Nh4 Rxf1+ 22. Rxf1 Rxf1+ 23. Kxf1 Kf7 24. Nf5 Be5 25. Kf2 Kf6 26. Nh4 Nc5 27. Ng1 Ne3 28. Bxe3 dxe3+ 29. Kxe3 Bxb2 30. Nhf3 Be6 31. c4 Bc1+ 32. Ke2 Na4 33. Kd1 Be3 34. Ne2 Bf5 35. Ne1 Bf2 36. d4 Bg4 37. Kd2 Bxe1+ 38. Kxe1 Bxe2 39. Kxe2 Nc3+ 40. Ke3 Nxa2 41. d5 cxd5 42. Bxd5 b6 43. Kd4 Nb4 44. Be4 h6 45. c5 bxc5+ 46. Kxc5 a5 47. Kb5 Na2 48. Kxa5 Nc3 49. Bf3 Kg5 50. Kb4 Nb1 51. Kc5 Nd2 52. Bd1 Ne4+ 53. Kd4 Nxg3 54. Ke3 Nf5+ 55. Kf2 Kf4 56. Be2 Nd4 57. Bd1 Ne6 58. Bh5 Ng5 59. Bd1 Ne4+ 60. Kg2 Nf6 61. Kf2 Nd5 62. Be2 Ne3 63. Bh5 Nf5 64. Bd1 Ne3 65. Bh5 Nf5 66. Bd1 Ne3 67. Bh5 1/2-1/2


[Site "https://www.chess.com"]